 Dungeon Crawl Stone Soup version 0.27-a0-668-gb5737ff2c0 (webtiles) character file.

Game seed: 18269373744274339561

163 theanonym the Cudgeller (level 5, 0/48 HPs)
             Began as a Palentonga Delver on Mar 17, 2021.
             Was a Believer of Qazlal.
             Slain by an orc
             ... wielding a +0 short sword
              (6 damage)
             ... on level 3 of the Dungeon.
             The game lasted 00:05:18 (4717 turns).

theanonym the Cudgeller (Palentonga Delver)         Turns: 4717, Time: 00:05:18

Health: 0/48       AC:  4    Str: 17    XL:     5   Next: 20%
Magic:  5/5        EV:  6    Int: 10    God:    Qazlal [**....]
Gold:   117        SH:  0    Dex: 11    Spells: 4/4 levels left

rFire    . . .     SeeInvis +   a - +0 mace
rCold    . . .     Faith    .   n - +0 kite shield
rNeg     . . .     Spirit   .   b - +0 leather armour
rPois    .         Reflect  .   (no helmet)
rElec    .         Harm     .   (no cloak)
rCorr    .         Rampage  .   (no gloves)
Will     .....                  (no barding)
Stlth    +.........             (no amulet)
HPRegen  0.16/turn              (no ring)
MPRegen  0.09/turn              (no ring)

@: confused, hasted, very quick
A: large, rugged brown scales 3, see invisible, deformed body, roll 1, armoured
tail
a: Rolling Charge, Renounce Religion, Upheaval


Innate Abilities, Weirdness & Mutations

You are completely covered in rugged brown scales. (AC +3, +7% HP)
You have supernaturally acute eyesight. (SInv)
Armour fits poorly on your strangely shaped body.
You can roll at nearby foes to attack.
You have a long armoured tail.


   Skills:
 - Level 3.0 Fighting
 + Level 5.5 Maces & Flails
 - Level 1.5 Dodging
 - Level 3.3 Stealth


You had 4 spell levels left.
You didn't know any spells.
Your spell library was empty.

Skill      XL: |  1  2  3  4 |
---------------+-------------+-----
Maces & Flails | 3 4 5 |  5.5
Fighting       | |  3.0
Dodging        | |  1.5
Stealth        | |  3.3

Action                   |  1- 3 |  4- 6 || total
-------------------------+-------+-------++-------
Melee: Mace              |   111 |   142 ||   253
       Tailslap          |     9 |    14 ||    23
 Abil: Rolling Charge    |       |     6 ||     6
Evoke: Wand              |     2 |       ||     2
  Use: Potion            |       |     7 ||     7
       Scroll            |       |     4 ||     4
 Stab: Sleeping          |     2 |       ||     2
Armor: Leather armour    |    59 |    48 ||   107
       Skin              |       |     1 ||     1
Dodge: Dodged            |    69 |    39 ||   108
Block: Other             |     2 |     3 ||     5
       Kite shield       |       |    85 ||    85

Inventory:

Hand Weapons
 a - a +0 mace (weapon)
Armour
 b - a +0 leather armour (worn)
 n - a +0 kite shield (worn)
Wands
 c - a wand of iceblast (2)
 d - a wand of digging (3)
Scrolls
 e - a scroll of fear
 f - a scroll of fog
 m - a scroll of amnesia
 p - a scroll of random uselessness {unknown}
 r - a scroll of identify
 y - a scroll of magic mapping


You were on level 3 of the Dungeon.
You worshipped Qazlal.
Qazlal was pleased with you.
You visited 1 branch of the dungeon, and saw 5 of its levels.

You collected 162 gold pieces.
You spent 45 gold pieces at shops.

Dungeon Overview and Level Annotations

Branches:
Dungeon (5/15)
 Temple: D:4-7

Altars:
Fedhas
Qazlal
Vehumet
Xom

Shops:
D:2 [

Annotations:
D:3 1 runed translucent door, Crazy Yiuf

## ######...# #.##.#.....# .#
####......######>##.#.##### .#
#....########....##...# ####
.#####.##########..#####.<##
#†.. .......# ...##..##
#..#####.## .#######
..#.##.######..#.....## .## .#
#.##.###.......#..... ..######.#
#...o##.)##..###.#### ....#....#
#.>.@o..##^..###.#### ......#
###..§####....###...... ##....#
#.......##.##......####
###..#####..###.........##..#≈≈≈
##.......####....###.####.#≈_.
#..#.........#..###.# #†#≈.>
###..##..#.####.......# #.#≈≈≈
##....##....####.#.....## #.####
##..##....#....#....<....#
#.....


You could see an orc wizard and an orc.

Notes
Turn   | Place    | Note
-------+----------+-------------------------------------------
     0 | D:5      | theanonym the Palentonga Delver began the quest for the
                  | Orb.
     0 | D:5      | Reached XP level 1. HP: 20/20 MP: 1/1
     3 | D:5      | Became a worshipper of Qazlal Stormbringer
   256 | D:3      | HP: 8/20 [kobold/+0 dagger (5)]
   386 | D:3      | HP: 10/20 [poisoned by an adder]
   390 | D:3      | Reached XP level 2. HP: 11/27 MP: 2/2
   392 | D:3      | HP: 9/27 [poisoned by an adder]
   398 | D:3      | HP: 8/27 [poisoned by an adder]
   406 | D:3      | HP: 7/27 [poisoned by an adder]
   722 | D:1      | Reached skill level 3 in Maces & Flails
  1069 | D:1      | Reached XP level 3. HP: 31/33 MP: 3/3
  1099 | D:1      | HP: 16/33 [hobgoblin/+0 club (3)]
  1112 | D:1      | HP: 16/33 [hobgoblin/+0 club (2)]
  1446 | D:1      | Reached * piety under Qazlal
  1454 | D:1      | HP: 14/33 [leopard gecko (4)]
  1790 | D:1      | You fall into a shaft and drop 1 floor!
  1794 | D:2      | Reached skill level 4 in Maces & Flails
  1805 | D:2      | HP: 12/33 [worm (9)]
  1810 | D:2      | HP: 11/33 [poisoned by an adder]
  1815 | D:2      | HP: 5/33 [goblin (3)]
  2112 | D:2      | Reached XP level 4. HP: 38/40 MP: 4/4
  2309 | D:2      | Found Aqueqo's Armour Shop.
  2317 | D:2      | Bought a +0 kite shield for 45 gold pieces
  2539 | D:2      | Reached skill level 5 in Maces & Flails
  2698 | D:2      | HP: 15/40 [worm (9)]
  3181 | D:2      | Found a blossoming altar of Fedhas.
  3275 | D:2      | Found a faded altar of an unknown god.
  3558 | D:3      | Reached XP level 5. HP: 33/48 MP: 5/5
  3758 | D:3      | HP: 21/48 [orc/+0 dagger (5)]
  3761 | D:3      | HP: 9/48 [orc/+0 hand axe (10)]
  3762 | D:3      | HP: 1/48 [orc/+0 hand axe (5)]
  4167 | D:3      | Found a radiant altar of Vehumet.
  4406 | D:3      | Found a shimmering altar of Xom.
  4462 | D:3      | Reached ** piety under Qazlal
  4581 | D:3      | Found a runed translucent door.
  4582 | D:3      | Noticed Crazy Yiuf
  4714 | D:3      | HP: 21/48 [orc/+0 short sword (6)]
  4715 | D:3      | HP: 10/48 [orc/+0 short sword (3)]
  4717 | D:3      | Slain by an orc

Vanquished Creatures
  A hound (D:2)
  5 adders
  An ooze (D:2)
  6 worms
  A leopard gecko (D:1)
  2 orcs (D:3)
  7 bats
  4 giant cockroaches
  4 hobgoblins
  13 jackals
  A ball python (D:1)
  2 frilled lizards
  8 goblins
  7 kobolds
  6 rats
68 creatures vanquished.

Table legend: (Time is in decaauts)
 A = Elapsed time spent in this place.
 B = Non-inter-level travel time spent in this place.
 C = Inter-level travel time spent in this place.
 D = Time resting spent in this place.
 E = Time spent auto-exploring this place.
 F = Levels seen in this place.
 G = Mean time per level.
                   A        B        C        D        E       F      G
               +--------+--------+--------+--------+--------+-----+--------+
         Total |   4799 |   4715 |     84 |   2085 |   2017 |   5 |  959.8 |
       Dungeon |   4799 |   4715 |     84 |   2085 |   2017 |   5 |  959.8 |
               +--------+--------+--------+--------+--------+-----+--------+

Top non-repeatable levels by time:
     D:2: 1776 daAuts
     D:1: 1413 daAuts
     D:3: 1362 daAuts
     D:4: 229 daAuts
     D:5: 18 daAuts
